 Dungeon Crawl Stone Soup version 0.30-a0-137-gd8773701ce (webtiles) character file.

Game seed: 16347659504247598291

2677 jimonade the Skirmisher (level 9, 0/61 HPs)
             Began as a Formicid Hunter on Sept 23, 2022.
             Was an Initiate of Okawaru.
             Engulfed by a steam dragon's steam (1 damage)
             ... on level 8 of the Dungeon.
             The game lasted 00:16:10 (9138 turns).

jimonade the Skirmisher (Formicid Hunter)           Turns: 9138, Time: 00:16:11

Health: 0/61       AC:  9    Str: 15    XL:     9   Next: 95%
Magic:  9/9        EV: 10    Int: 10    God:    Okawaru [......]
Gold:   526        SH: 12    Dex: 21    Spells: 8/8 levels left

rFire   . . .      SeeInvis +    b - +1 dagger (venom)
rCold   + + .      Faith    .    A - +0 kite shield {rC+}
rNeg    . . .      Spirit   .    l - +2 ring mail {rC+}
rPois   .          Reflect  .    (helmet unavailable)
rElec   .          Harm     .    k - +0 cloak
rCorr   .          Rampage  .    (no gloves)
Will    .....                    j - +0 pair of boots
Stlth   +.........               (no amulet)
HPRegen 0.20/turn                (no ring)
MPRegen 0.11/turn                (no ring)

@: no status effects
A: permanent stasis, dig shafts and tunnels, antennae 3, four strong arms
a: Dig, Shaft Self, Renounce Religion


You were on level 8 of the Dungeon.
You worshipped Okawaru.
Okawaru was noncommittal.
You visited 2 branches of the dungeon, and saw 9 of its levels.
You also visited: Bailey.

You collected 526 gold pieces.

Inventory:

Hand Weapons
 a - a +1 shortbow
 b - a +1 dagger of venom (weapon)
 x - a +0 rapier of venom
 y - a +0 shortbow
 z - a +3 great sword of freezing
Missiles
 w - a throwing net
Armour
 c - a +0 leather armour
 j - a +0 pair of boots (worn)
 k - a +0 cloak (worn)
 l - a +2 ring mail of cold resistance (worn)
 q - a +2 buckler
 r - +0 steam dragon scales
 A - a +0 kite shield of cold resistance (worn)
Wands
 v - a wand of flame (17)
Scrolls
 d - a scroll of fear {unknown}
 e - 9 scrolls of identify
 i - a scroll of immolation
 t - 3 scrolls of fog
 C - a scroll of amnesia {unknown}
 D - 2 scrolls of noise {unknown}
Potions
 f - 7 potions of curing
 g - a potion of might
 h - a potion of invisibility {unknown}
 m - 4 potions of flight {unknown}
 n - a potion of lignification {unknown}
 o - 4 potions of ambrosia {unknown}
 p - a potion of degeneration {unknown}
 s - 4 potions of heal wounds {unknown}
 u - a potion of resistance {unknown}
 B - 3 potions of brilliance {unknown}


   Skills:
 - Level 2.1 Fighting
 + Level 11.6 Ranged Weapons
 - Level 1.7 Dodging
 - Level 1.2 Stealth
 * Level 7.8 Shields
 * Level 2.5 Translocations


You had 8 spell levels left.
You didn't know any spells.
Your spell library contained the following spells:

 Spells                   Type           Power      Damage    Failure   Level
 Beastly Appendage        Tmut           0%         N/A       83%         1
 Gell's Gravitas          Tloc           5%         N/A       86%         3
 Lesser Beckoning         Tloc           5%         N/A       86%         3
 Teleport Other           Tloc           5%         N/A       86%         3
 Wereblood                Tmut           0%         N/A       93%         2
 Spider Form              Tmut/Pois      0%         N/A       99%         3


Dungeon Overview and Level Annotations

Branches:
Dungeon (8/15)             Temple (1/1) D:6          Bailey (visited)
   Lair: D:8-11

Altars:
Ashenzari
Cheibriados
Dithmenos
Fedhas
Gozag
Hepliaklqana
Kikubaaqudgha
Makhleb
Nemelex Xobeh
Okawaru
Qazlal
Ru
Sif Muna
Trog
Uskayaw
Vehumet
Wu Jian
Xom
Yredelemnul
Zin

Shops:
D:7 :

Annotations:
D:6 2 runed translucent doors, tbh1313's ghost, novice MiBe


Innate Abilities, Weirdness & Mutations

You cannot be hasted, slowed, berserked, paralysed or teleported.
You can dig through walls and to a lower floor.
You have a pair of large antennae on your head. (SInv)
Your four strong arms can wield two-handed weapons with a shield.


Message History

The steam dragon bites you. The steam dragon barely misses you.
You hit the steam dragon.
The steam dragon looks as sick as possible!
The steam dragon is moderately wounded.
The steam dragon breathes steam at you. The ball of steam hits you!
You hit the steam dragon but do no damage.
The steam dragon looks as sick as possible!
The steam dragon is moderately wounded.
You are engulfed in a cloud of scalding steam.
You block the steam dragon's attack. x3
The steam dragon claws you but does no damage.
You closely miss the steam dragon.
The steam dragon is moderately wounded.
You are engulfed in a cloud of scalding steam.
The steam dragon bites you.
The steam dragon claws you but does no damage.
You barely miss the steam dragon.
The steam dragon is heavily wounded.
You block the steam dragon's attack. The steam dragon claws you.
You hit the steam dragon.
The steam dragon looks as sick as possible!
The steam dragon is severely wounded.
You are engulfed in a cloud of scalding steam.
The steam dragon breathes steam at you. The ball of steam hits you!
* * * LOW HITPOINT WARNING * * *
You hit the steam dragon.
The steam dragon looks as sick as possible!
The steam dragon is almost dead.
You block the steam dragon's attack. x2
You barely miss the steam dragon.
The steam dragon is almost dead.
You are engulfed in a cloud of scalding steam.
* * * LOW HITPOINT WARNING * * *
You block the steam dragon's attack. x2
You closely miss the steam dragon.
The steam dragon is almost dead.
You are engulfed in a cloud of scalding steam.
You die...

#########
##.......##
##.........##
#...........###
..............#
..............#
?....§§§....#
#.§.@D.#
##§§#### ##.
##...## ##...
###..##.....
##........
#........
#........
#........
#........


You could see a steam dragon (extremely poisoned).

Vanquished Creatures
  3 steam dragons
  2 ice beasts
  A sky beast (D:7)
  3 black bears
  2 ogres
  2 centaurs
  4 phantoms
  A kobold brigand (D:7)
  2 scorpions
  3 bullfrogs
  4 wights (D:6)
  2 jellies
  A gnoll bouda (D:7)
  4 hounds
  3 orc priests (D:7)
  3 iguanas
  4 gnolls
  6 adders
  2 shadow imps
  3 white imps
  3 worms
  A dart slug (D:1)
  5 orcs
  4 bats (D:1)
  5 endoplasms
  2 giant cockroaches (D:2)
  4 goblins
  5 hobgoblins
  3 jackals (D:4)
  10 kobolds
  5 quokkas
  3 ball pythons
  2 frilled lizards (D:1)
  2 rats
109 creatures vanquished.

Vanquished Creatures (others)
  3 goblins (D:7)
3 creatures vanquished.

Grand Total: 112 creatures vanquished

Notes
Turn   | Place    | Note
-------+----------+-------------------------------------------
     0 | D:1      | jimonade the Formicid Hunter began the quest for the Orb.
     0 | D:1      | Reached XP level 1. HP: 16/16 MP: 1/1
   108 | D:1      | Reached XP level 2. HP: 22/22 MP: 2/2
   345 | D:1      | Reached XP level 3. HP: 15/27 MP: 3/3
   623 | D:1      | Found a faded altar of an unknown god.
  1005 | D:2      | Reached skill level 5 in Ranged Weapons
  1655 | D:3      | Identified the +1 leather armour "Pavetol" {Stlth+}
  1942 | D:3      | Reached XP level 4. HP: 33/33 MP: 4/4
  2609 | D:4      | Noticed an ogre
  2621 | D:4      | Killed an ogre
  2622 | D:4      | Reached skill level 6 in Ranged Weapons
  2622 | D:4      | Reached skill level 1 in Shields
  2622 | D:4      | Reached XP level 5. HP: 27/38 MP: 5/5
  2684 | D:4      | Reached XP level 6. HP: 36/44 MP: 6/6
  3202 | D:5      | Entered Level 5 of the Dungeon
  3218 | D:5      | Reached skill level 7 in Ranged Weapons
  3240 | D:5      | Noticed an ice beast
  3255 | D:5      | Killed an ice beast
  3256 | D:5      | Reached XP level 7. HP: 31/50 MP: 7/7
  3527 | D:5      | Reached skill level 8 in Ranged Weapons
  3991 | D:5      | Reached XP level 8. HP: 45/56 MP: 8/8
  4487 | D:6      | Reached skill level 9 in Ranged Weapons
  4586 | D:6      | Reached skill level 5 in Shields
  4665 | D:6      | Identified the ring "Nuagiam" {*Corrode rPois rN+ EV+4
                  | Dex+2}
  4858 | D:6      | Reached skill level 10 in Ranged Weapons
  5027 | D:6      | Found a large runed translucent door.
  5027 | D:6      | Found a large runed translucent door.
  5038 | D:6      | Noticed tbh1313's ghost (novice MiBe)
  5154 | D:6      | Reached XP level 9. HP: 9/59 MP: 9/9
  5683 | D:6      | Reached skill level 1 in Translocations
  5863 | D:6      | Found a staircase to the Ecumenical Temple.
  5868 | Temple   | Entered the Ecumenical Temple
  7227 | D:7      | Found a flagged portal.
  7236 | Bailey   | Entered a bailey
  7574 | D:7      | Reached skill level 11 in Ranged Weapons
  7951 | D:7      | Found Wuwomn's Tremendous Tomes.
  8091 | D:7      | Found an iron altar of Okawaru.
  8158 | D:7      | Became a worshipper of Warmaster Okawaru
  8966 | D:8      | Identified the +2 falchion of Ugheihy {vamp, *Rage rCorr
                  | Str+7}
  9137 | D:8      | HP: 1/61 [steam dragon] (7)]
  9138 | D:8      | Engulfed by a steam dragon's steam

Illustrated notes

Levels and vault maps discovered:
D:1:      lightli_arrival_isolated_outpost, layout_basic,
          chequers_ecumenical_altar_simple
D:2:      layout_rooms, columned_hall_lemuel, serial_bayou_pond_e
D:3:      layout_basic, patterned_corridor
D:4:      layout_loops_corners
D:5:      layout_loops_ring, nicolae_elevator_lobby_asterisk
D:6:      layout_basic, minmay_temple_entry_glassed_door,
          ebering_ghost_disaster_area
D:7:      layout_layer_cave, mainiacjoe_overflow_cross_hatched, enter_bailey_5,
          nicolae_shop_i_like_big_books, serial_park_tiny_pond
D:8:      layout_cave_pods, uniq_joseph
Temple:   compressed_dpeg_triangle_lava_temple

Skill      XL: |  1  2  3  4  5  6  7  8  9 |
---------------+----------------------------+-----
Ranged Weapons | 5 6 7 8 10 11 | 11.6
Shields        | 1 2 3 4 5 7 |  7.8
Translocations | 2 |  2.5
Fighting       | |  2.1
Dodging        | |  1.7
Stealth        | |  1.2

Action                   |  1- 3 |  4- 6 |  7- 9 || total
-------------------------+-------+-------+-------++-------
Melee: Dagger            |       |    23 |   149 ||   172
 Fire: Shortbow          |    85 |    43 |   254 ||   382
  Use: Scroll            |       |       |     7 ||     7
 Stab: Sleeping          |       |       |     1 ||     1
Armor: Leather armour    |     2 |       |       ||     2
       Ring mail         |     3 |    14 |    87 ||   104
Dodge: Dodged            |    16 |    11 |   110 ||   137
Block: Buckler           |       |    15 |    97 ||   112
       Kite shield       |       |       |    20 ||    20

Table legend: (Time is in decaauts)
 A = Elapsed time spent in this place.
 B = Non-inter-level travel time spent in this place.
 C = Inter-level travel time spent in this place.
 D = Time resting spent in this place.
 E = Time spent auto-exploring this place.
 F = Levels seen in this place.
 G = Mean time per level.
                   A        B        C        D        E       F      G
               +--------+--------+--------+--------+--------+-----+--------+
         Total |   9218 |   8568 |    650 |   1103 |   6092 |  10 |  921.8 |
       Dungeon |   8728 |   8090 |    638 |   1103 |   5638 |   8 | 1091.0 |
        Temple |    479 |    467 |     12 |      0 |    454 |   1 |  479.0 |
        Bailey |      9 |      9 |      0 |      0 |      0 |   1 |    9.0 |
               +--------+--------+--------+--------+--------+-----+--------+

Top non-repeatable levels by time:
     D:7: 1871 daAuts
     D:5: 1681 daAuts
     D:6: 1496 daAuts
     D:4: 1142 daAuts
     D:1: 948 daAuts
     D:3: 933 daAuts
  Temple: 479 daAuts
     D:2: 467 daAuts
     D:8: 186 daAuts
  Bailey: 9 daAuts
